 Dungeon Crawl Stone Soup version 0.20.1-1-g8b1a95d (webtiles) character file.

63 digijack the Skirmisher (level 3, 0/29 HPs)
             Began as a Demonspawn Chaos Knight on Dec 13, 2017.
             Slain by an adder (1 damage)
             ... on level 2 of the Dungeon on Dec 14, 2017.
             The game lasted 00:09:48 (1441 turns).

digijack the Skirmisher (Demonspawn Chaos Knight)   Turns: 1441, Time: 00:09:49

Health: 0/29       AC:  6    Str: 12    XL:     3   Next: 89%
Magic:  3/3        EV: 12    Int: 13    God:    Xom [*.....]
Gold:   57         SH:  0    Dex: 13    Spells: 2/2 levels left

rFire    . . .     SeeInvis .   a - +0 mace (chaos)
rCold    . . .     Gourm    .   (no shield)
rNeg     . . .     Faith    .   b - +2 leather armour
rPois    .         Spirit   .   (helmet restricted)
rElec    .         Reflect  .   (no cloak)
rCorr    .         Harm     .   e - +0 pair of gloves (curse)
MR       .....                  (no boots)
Stlth    +.........             (no amulet)
Regen    0.1/turn               (no ring)
MPRegen  0.1/turn               (no ring)

@: lethally poisoned (0 -> -3), very slow
A: antennae 1
a: Renounce Religion


You were on level 2 of the Dungeon.
You worshipped Xom.
You were a special plaything of Xom.
You were not hungry.

You visited 1 branch of the dungeon, and saw 2 of its levels.

You collected 57 gold pieces.

Inventory:

Hand Weapons
 a - a +0 mace of chaos (weapon)
Armour
 b - a +2 leather armour (worn)
 e - a cursed +0 pair of gloves (worn)
Comestibles
 c - a bread ration
 d - 17 chunks of flesh
 f - 4 fruits


   Skills:
 + Level 3.6 Fighting
 + Level 3.3 Maces & Flails
 + Level 2.1 Armour
 + Level 1.7 Dodging


You had 2 spell levels left.
You didn't know any spells.

Dungeon Overview and Level Annotations

Branches:
Dungeon (2/15)

Altars:
Makhleb

Annotations:
D:2 Robin


Innate Abilities, Weirdness & Mutations

You have a pair of small antennae on your head.


Message History

Your unstable footing causes you to fumble your attack.
The adder misses you. x2
Your unstable footing causes you to fumble your attack.
You feel sick. The adder completely misses you.
Your leather armour prevents you from hitting the adder.
The adder is lightly wounded.
The adder bites you but does no damage. x2
Your unstable footing causes you to fumble your attack.
You feel sick. The adder closely misses you.
Your unstable footing causes you to fumble your attack.
The adder bites you.
* * * LOW HITPOINT WARNING * * *
The adder barely misses you.
Your unstable footing causes you to fumble your attack.
The adder bites you.
* * * LOW HITPOINT WARNING * * *
Your unstable footing causes you to fumble your attack.
* * * LOW HITPOINT WARNING * * *
You feel sick. The adder misses you. The adder bites you.
You die...

♣≈≈≈P≈.≈PPP≈≈≈
≈PP≈≈P≈.≈≈P≈≈≈≈
P≈≈≈≈≈≈.≈P≈♣♣♣≈
≈P≈≈≈≈≈.≈P♣♣
≈≈≈≈≈≈≈.≈≈♣
≈≈.≈ ≈≈.≈≈
P≈.≈≈≈♣♣♣♣
≈≈.≈≈≈§@§♣
≈≈.≈≈≈S≈≈♣
≈P.≈≈≈P≈≈♣
≈≈.≈≈≈P≈PP
PP.≈≈≈P≈≈≈P
♣≈.♣P≈≈≈≈P##
♣♣♣ #...♣♣≈♣♣##
.. .... .. .≈
♣♣. P. ..#
♣♣≈P♣..


You could see an adder.

Vanquished Creatures
  An adder (D:2)
  A dart slug (D:1)
  A leopard gecko (D:2)
  4 bats
  2 giant cockroaches (D:1)
  10 goblins
  11 hobgoblins
  4 jackals (D:1)
  2 kobolds (D:1)
  4 frilled lizards
  7 rats
47 creatures vanquished.

Notes
Turn   | Place    | Note
-------+----------+-------------------------------------------
     0 | D:1      | digijack the Demonspawn Chaos Knight began the quest for the Orb.
     0 | D:1      | Reached XP level 1. HP: 18/18 MP: 1/1
   214 | D:1      | XOM: harmless Summ miscast
   300 | D:1      | Gained mutation: You have a pair of small antennae on your head. [demonic ancestry]
   300 | D:1      | Reached XP level 2. HP: 19/24 MP: 2/2
   339 | D:1      | XOM: divination: magic mapping
   440 | D:1      | XOM: divination: detect items
   487 | D:1      | XOM: divination: detect creatures
   514 | D:1      | Reached skill level 1 in Dodging
   797 | D:1      | XOM: confusion
   805 | D:1      | Reached XP level 3. HP: 29/29 MP: 3/3
  1335 | D:2      | Found a burning altar of Makhleb.
  1360 | D:2      | Noticed Robin
  1420 | D:2      | XOM: 3-stop teleportation journey
  1433 | D:2      | XOM: smoke on damage
  1441 | D:2      | HP: 1/29 [poisoned by an adder]
  1441 | D:2      | Slain by an adder

Skill      XL: |  1  2 |
---------------+-------+-----
Dodging        | 1 |  1.7
Maces & Flails | 3 |  3.3
Armour         | 2 |  2.1
Fighting       | |  3.6

Action                   || total
-------------------------++-------
Melee: Mace              ||   150
  Use: Potion            ||     1
       Scroll            ||     3
 Stab: Sleeping          ||     2
  Eat: Chunk             ||     2
Armor: Leather armour    ||    89
Dodge: Dodged            ||   125
